 Dungeon Crawl Stone Soup version 0.22.1-1-ga44c0e56f4 (webtiles) character file.

28 Grim the Chucker (level 3, -1/37 HPs)
             Began as an Ogre Hunter on Oct 30, 2018.
             Slain by an adder (2 damage)
             ... on level 1 of the Dungeon.
             The game lasted 00:02:43 (1131 turns).

Grim the Chucker (Ogre Hunter)                      Turns: 1131, Time: 00:02:50

Health: -1/37      AC:  5    Str: 16    XL:     3   Next: 14%
Magic:  3/3        EV: 10    Int: 12    God:
Gold:   54         SH:  0    Dex: 10    Spells: 2/2 levels left

rFire    . . .     SeeInvis .   a - +0 club
rCold    . . .     Gourm    .   (no shield)
rNeg     . . .     Faith    .   b - +0 robe
rPois    .         Spirit   .   (helmet restricted)
rElec    .         Reflect  .   (no cloak)
rCorr    .         Harm     .   (gloves unavailable)
MR       .....                  (boots unavailable)
Stlth    +.........             (no amulet)
HPRegen  0.12/turn              (no ring)
MPRegen  0.08/turn              (no ring)

@: lethally poisoned (-1 -> -8)
A: large, unfitting armour, beak, horns 1, iridescent scales 1, tough skin 1
a: no special abilities


You were on level 1 of the Dungeon.
You were not hungry.

You visited 1 branch of the dungeon, and saw 2 of its levels.

You collected 54 gold pieces.

Inventory:

Hand Weapons
 a - a +0 club (weapon)
Armour
 b - a +0 robe (worn)
Scrolls
 h - a scroll of remove curse
 j - a scroll of identify {unknown}
 k - a scroll of fear {unknown}
Potions
 i - a potion of might {unknown}
Comestibles
 f - 2 rations
 g - a chunk of flesh


   Skills:
 + Level 3.6 Fighting
 * Level 1.4 Maces & Flails
 - Level 4.2 Throwing
 - Level 1.7 Dodging
 - Level 0.6 Stealth


You had 2 spell levels left.
You didn't know any spells.
Your spell library was empty.

Dungeon Overview and Level Annotations

Branches:
Dungeon (2/15)

Altars:


Innate Abilities, Weirdness & Mutations

You are too large for most types of armour.
You have tough skin. (AC +1)
You have a beak for a mouth.
You have a pair of small horns on your head.
You are partially covered in iridescent scales. (AC +2)


Message History

* * * LOW HITPOINT WARNING * * *
You feel sick. The adder barely misses you.
You miss the adder.
The adder is lightly wounded.
* * * LOW HITPOINT WARNING * * *
You feel sick. The adder bites you.
* * * LOW HITPOINT WARNING * * *
The adder bites you.
* * * LOW HITPOINT WARNING * * *
You hit the adder but do no damage.
The adder is lightly wounded.
The adder bites you.
* * * LOW HITPOINT WARNING * * *
It was a potion of mutation.
You feel extremely strange.
Iridescent scales grow over part of your body.
Your mouth lengthens and hardens into a beak!
A pair of horns grows on your head!
* * * LOW HITPOINT WARNING * * *
You feel sick. The adder bites you but does no damage. The adder bites you.
You die...

#########.#######.###.#.##
#.................# ##.##
#.#######.######### #.# #.#
##.############.# #.#
#........†......# #.#
#..##...#########
#.######..#.....#####
#...............S...#
#########..#....@###.#
.########..##...## #.## #
...........###.#####..## #
..#....................# #
#...........##.........# #######
#...........##.........####......
.....##............##.....#.#####
.....##............##............
............................#####


You could see an adder.

Vanquished Creatures
  An ooze (D:1)
  2 dart slugs
  2 giant cockroaches (D:2)
  4 goblins
  A hobgoblin (D:1)
  A ball python (D:1)
  A bat (D:1)
  3 frilled lizards
  3 kobolds (D:1)
  4 rats (D:1)
22 creatures vanquished.

Notes
Turn   | Place    | Note
-------+----------+-------------------------------------------
     0 | D:1      | Grim the Ogre Hunter began the quest for the Orb.
     0 | D:1      | Reached XP level 1. HP: 22/22 MP: 1/1
    60 | D:1      | Reached XP level 2. HP: 16/31 MP: 2/2
   661 | D:1      | Reached skill level 1 in Maces & Flails
   954 | D:2      | Reached XP level 3. HP: 19/37 MP: 3/3
  1131 | D:1      | Gained mutation: You are partially covered in iridescent
                  | scales. (AC +2) [potion of mutation]
  1131 | D:1      | Gained mutation: You have a beak for a mouth. [potion of
                  | mutation]
  1131 | D:1      | Gained mutation: You have a pair of small horns on your
                  | head. [potion of mutation]
  1131 | D:1      | HP: 1/37 [poisoned by an adder]
  1131 | D:1      | Slain by an adder

Skill      XL: |  1  2 |
---------------+-------+-----
Fighting       | 3 |  3.6
Maces & Flails | 1 |  1.4
Throwing       | |  4.2
Dodging        | |  1.7
Stealth        | |  0.6

Action                   || total
-------------------------++-------
Melee: Short sword       ||     7
       Club              ||    46
       Whip              ||    28
Throw: Large rock        ||    15
       Throwing net      ||     3
  Use: Scroll            ||     1
       Potion            ||     1
  Eat: Chunk             ||     1
Armor: Robe              ||    30
Dodge: Dodged            ||    48
